 Dungeon Crawl Stone Soup version 0.29-a0-243-g602b31c20e (webtiles) character file.

Game seed: 9718666748703593223

277 Ajdolov the Cudgeller (level 6, 0/53 HPs)
             Began as a Gnoll Cinder Acolyte on Mar 4, 2022.
             Was a High Priest of Ignis.
             Slain by an iguana (8 damage)
             ... on level 3 of the Dungeon on Mar 5, 2022.
             The game lasted 00:04:47 (3081 turns).

Ajdolov the Cudgeller (Gnoll Cinder Acolyte)        Turns: 3081, Time: 00:04:48

Health: 0/53       AC: 13    Str: 13    XL:     6   Next: 26%
Magic:  0/11       EV:  6    Int: 15    God:    Ignis [*****.]
Gold:   136        SH:  0    Dex:  8    Spells: 11/11 levels left

rFire   + . .      SeeInvis .   a - -1 mace (flame)
rCold   . . .      Faith    .   (no shield)
rNeg    . . .      Spirit   +   c - +0 chain mail
rPois   .          Reflect  .   (no helmet)
rElec   .          Harm     .   u - +0 cloak
rCorr   .          Rampage  .   e - +2 pair of gloves
Will    .....                   s - +0 pair of boots
Stlth   ..........              g - amulet of guardian spirit
HPRegen 0.17/turn               (no ring)
MPRegen 0.12/turn               (no ring)

@: no status effects
A: fangs 1, strong nose, distributed training
a: Renounce Religion, Fiery Armour, Foxfire Swarm, Rising Flame


You were on level 3 of the Dungeon.
You worshipped Ignis.
Ignis was extremely pleased with you.
You visited 1 branch of the dungeon, and saw 4 of its levels.

You collected 136 gold pieces.

Inventory:

Hand Weapons
 a - a -1 mace of flaming (weapon)
Armour
 c - a +0 chain mail (worn)
 e - a +2 pair of gloves (worn)
 s - a +0 pair of boots (worn)
 u - a +0 cloak (worn)
Magical Staves
 t - a staff of air
Jewellery
 g - an amulet of guardian spirit (around neck)
Wands
 h - a wand of polymorph (6)
Scrolls
 b - 5 scrolls of identify {unknown}
 i - 2 scrolls of teleportation {unknown}
 k - a scroll of enchant armour {unknown}
 m - 2 scrolls of amnesia {unknown}
 n - a scroll of immolation {unknown}
 p - a scroll of holy word {unknown}
 q - a scroll of fear {unknown}
 r - a scroll of vulnerability {unknown}
Potions
 d - 3 potions of brilliance {unknown}
 f - a potion of degeneration {unknown}
 j - 2 potions of might {unknown}
 l - a potion of heal wounds {unknown}
 o - a potion of curing {unknown}


   Skills:
 + Level 6.8 Fighting
 + Level 1.9 Short Blades
 + Level 1.9 Long Blades
 + Level 1.9 Axes
 + Level 6.8 Maces & Flails
 + Level 1.9 Polearms
 + Level 1.9 Staves
 + Level 1.9 Slings
 + Level 1.9 Bows
 + Level 1.9 Crossbows
 + Level 1.9 Throwing
 + Level 1.9 Armour
 + Level 1.9 Dodging
 + Level 1.9 Stealth
 + Level 1.9 Shields
 + Level 1.9 Unarmed Combat
 + Level 3.4 Spellcasting
 + Level 1.5 Conjurations
 + Level 1.5 Hexes
 + Level 1.5 Summonings
 + Level 1.5 Necromancy
 + Level 1.5 Translocations
 + Level 1.5 Transmutations
 + Level 5.6 Fire Magic
 + Level 1.5 Ice Magic
 + Level 1.5 Air Magic
 + Level 1.5 Earth Magic
 + Level 1.5 Poison Magic
 + Level 2.1 Invocations
 + Level 1.9 Evocations


You had 11 spell levels left.
You didn't know any spells.
Your spell library contained the following spells:

 Spells                   Type           Power      Damage    Failure   Level
 Scorch                   Fire           38%        2d7       67%         2
 Apportation              Tloc           14%        N/A       98%         1
 Summon Guardian Golem    Hex/Summ       7%         N/A       100%        3
 Alistair's Intoxication  Tmut/Pois      4%         N/A       100%        5
 Orb of Destruction       Conj           3%         9d5       100%        7
 Spellforged Servitor     Conj/Summ      3%         N/A       100%        7


Dungeon Overview and Level Annotations

Branches:
Dungeon (4/15)
 Temple: D:4-7

Altars:


Innate Abilities, Weirdness & Mutations

You have very sharp teeth.
Your uncanny sense of smell can sniff out nearby items.
Your experience applies equally to all skills.


Message History

The iguana closely misses you.
There is a stone staircase leading up here.
The iguana bites you!
You climb upwards.
There is a stone staircase leading down here.
You barely miss the iguana. The iguana closely misses you.
You barely miss the iguana. The iguana bites you!
You hit the iguana but do no damage. The iguana bites you.
You hit the iguana. You burn the iguana. Your bite misses the iguana.
The iguana is moderately wounded.
The iguana bites you.
You closely miss the iguana.
The iguana is moderately wounded.
The iguana bites you but does no damage.
You hit the iguana. You burn the iguana.
The iguana is severely wounded.
The iguana bites you but does no damage.
You barely miss the iguana. Your bite misses the iguana.
The iguana is severely wounded.
The iguana completely misses you.
You barely miss the iguana.
The iguana is severely wounded.
The iguana closely misses you.
You closely miss the iguana. You bite the iguana, but do no damage.
The iguana is heavily wounded.
The iguana bites you! The iguana bites you. The iguana bites you!
You hit the iguana. You burn the iguana.
The iguana is severely wounded.
The iguana bites you!
* * * LOW HITPOINT WARNING * * *
You barely miss the iguana.
The iguana is severely wounded.
The iguana bites you.
* * * LOW HITPOINT WARNING * * *
You barely miss the iguana.
The iguana is severely wounded.
The iguana bites you!
You die...

#.#.....<.................#
....................#######
#.............##.####
...#.............# ######
........#...###### #....#
...#.#..#...#### #....#
...#.##........######....#
...#..##.####.....##.....#
.#.##.##..####..@.>......#
.#.##.###........l.<.....#
.#..#....####............#
.##.........#............#
....#####...##...........#
...########..##...##.....#
.##..........#########.###
.#(..................#.#
.....................#.#


You could see an iguana.

Vanquished Creatures
  An ogre (D:2)
  A necrophage (D:4)
  Crazy Yiuf (D:3)
  An iguana (D:4)
  3 adders
  A worm (D:2)
  4 ball pythons
  5 bats
  5 endoplasms
  2 giant cockroaches
  7 goblins
  6 hobgoblins
  5 kobolds
  2 quokkas
  15 rats
59 creatures vanquished.

Vanquished Creatures (others)
  16 foxfires (D:3)
  11 plants (D:3)
27 creatures vanquished.

Grand Total: 86 creatures vanquished

Notes
Turn   | Place    | Note
-------+----------+-------------------------------------------
     0 | D:1      | Ajdolov the Gnoll Cinder Acolyte began the quest for the
                  | Orb.
     0 | D:1      | Reached XP level 1. HP: 23/23 MP: 4/4
   203 | D:1      | Reached XP level 2. HP: 29/29 MP: 5/5
   247 | D:1      | You fall into a shaft and drop 1 floor!
  1133 | D:2      | Reached XP level 3. HP: 35/35 MP: 7/7
  1307 | D:2      | Found a faded altar of an unknown god.
  1352 | D:2      | Noticed an ogre
  1357 | D:2      | Killed an ogre
  1358 | D:2      | Reached skill level 1 in Short Blades
  1358 | D:2      | Reached skill level 1 in Long Blades
  1358 | D:2      | Reached skill level 1 in Axes
  1358 | D:2      | Reached skill level 1 in Polearms
  1358 | D:2      | Reached skill level 1 in Staves
  1358 | D:2      | Reached skill level 1 in Slings
  1358 | D:2      | Reached skill level 1 in Bows
  1358 | D:2      | Reached skill level 1 in Crossbows
  1358 | D:2      | Reached skill level 1 in Throwing
  1358 | D:2      | Reached skill level 1 in Armour
  1358 | D:2      | Reached skill level 1 in Dodging
  1358 | D:2      | Reached skill level 1 in Stealth
  1358 | D:2      | Reached skill level 1 in Shields
  1358 | D:2      | Reached skill level 1 in Unarmed Combat
  1358 | D:2      | Reached skill level 1 in Conjurations
  1358 | D:2      | Reached skill level 1 in Hexes
  1358 | D:2      | Reached skill level 1 in Summonings
  1358 | D:2      | Reached skill level 1 in Necromancy
  1358 | D:2      | Reached skill level 1 in Translocations
  1358 | D:2      | Reached skill level 1 in Transmutations
  1358 | D:2      | Reached skill level 1 in Ice Magic
  1358 | D:2      | Reached skill level 1 in Air Magic
  1358 | D:2      | Reached skill level 1 in Earth Magic
  1358 | D:2      | Reached skill level 1 in Poison Magic
  1358 | D:2      | Reached skill level 1 in Invocations
  1358 | D:2      | Reached skill level 1 in Evocations
  1358 | D:2      | Reached XP level 4. HP: 25/41 MP: 5/8
  1358 | D:2      | Reached XP level 5. HP: 29/47 MP: 5/9
  2252 | D:3      | Found a runed translucent door.
  2253 | D:3      | Noticed Crazy Yiuf
  2815 | D:3      | Killed Crazy Yiuf
  2940 | D:4      | Reached XP level 6. HP: 43/53 MP: 7/11
  3081 | D:3      | Slain by an iguana

Illustrated notes

Levels and vault maps discovered:
D:1:      shiori_arrival_maze, layout_loops_ring, chequers_serial_rivers_small_3
D:2:      layout_loops_ring, dreamdust_ecumenical_altar_hidden_monk_grotto,
          grunt_ministairs_3, minmay_rat_gold_closets
D:3:      layout_rooms, roderic_roman_lattice, serial_bayou_lagoon_a,
          uniq_crazy_yiuf_cottage
D:4:      layout_cave_pools, serial_park_tiny_1, kennysheep_generic_room_4

Skill      XL: |  1  2  3  4  5 |
---------------+----------------+-----
Short Blades   | 1 |  1.9
Long Blades    | 1 |  1.9
Axes           | 1 |  1.9
Polearms       | 1 |  1.9
Staves         | 1 |  1.9
Slings         | 1 |  1.9
Bows           | 1 |  1.9
Crossbows      | 1 |  1.9
Throwing       | 1 |  1.9
Armour         | 1 |  1.9
Dodging        | 1 |  1.9
Stealth        | 1 |  1.9
Shields        | 1 |  1.9
Unarmed Combat | 1 |  1.9
Spellcasting   | 3 |  3.4
Conjurations   | 1 |  1.5
Hexes          | 1 |  1.5
Summonings     | 1 |  1.5
Necromancy     | 1 |  1.5
Translocations | 1 |  1.5
Transmutations | 1 |  1.5
Ice Magic      | 1 |  1.5
Air Magic      | 1 |  1.5
Earth Magic    | 1 |  1.5
Poison Magic   | 1 |  1.5
Invocations    | 1 2 |  2.1
Evocations     | 1 |  1.9
Fighting       | |  6.8
Maces & Flails | |  6.8
Fire Magic     | |  5.6

Action                   |  1- 3 |  4- 6 || total
-------------------------+-------+-------++-------
Melee: Mace              |    82 |   109 ||   191
       Bite              |     5 |    11 ||    16
       Punch             |       |     1 ||     1
Invok: Fiery Armour      |     1 |       ||     1
       Foxfire Swarm     |       |     1 ||     1
Armor: Chain mail        |    51 |    66 ||   117
Dodge: Dodged            |    21 |    23 ||    44

Table legend: (Time is in decaauts)
 A = Elapsed time spent in this place.
 B = Non-inter-level travel time spent in this place.
 C = Inter-level travel time spent in this place.
 D = Time resting spent in this place.
 E = Time spent auto-exploring this place.
 F = Levels seen in this place.
 G = Mean time per level.
                   A        B        C        D        E       F      G
               +--------+--------+--------+--------+--------+-----+--------+
         Total |   3107 |   2930 |    177 |     29 |   2363 |   4 |  776.8 |
       Dungeon |   3107 |   2930 |    177 |     29 |   2363 |   4 |  776.8 |
               +--------+--------+--------+--------+--------+-----+--------+

Top non-repeatable levels by time:
     D:2: 1034 daAuts
     D:1: 975 daAuts
     D:3: 935 daAuts
     D:4: 161 daAuts
